 Dungeon Crawl Stone Soup version 0.29-a0-802-g34511f41fd (webtiles) character file.

Game seed: 266716679512617899

81 manyhoops the Gusty (level 4, 0/33 HPs)
             Began as a Demigod Air Elementalist on July 3, 2022.
             Killed by their own static electricity (1 damage)
             ... on level 2 of the Dungeon on July 17, 2022.
             The game lasted 00:04:35 (1824 turns).

manyhoops the Gusty (Demigod Air Elementalist)      Turns: 1824, Time: 00:04:39

Health: 0/33       AC:  2    Str:  9    XL:     4   Next: 0%
Magic:  8/10       EV: 12    Int: 21    God:
Gold:   60         SH:  0    Dex: 14    Spells: 5/8 levels left

rFire   . . .      SeeInvis .   c - +0 dagger
rCold   . . .      Faith    .   (no shield)
rNeg    . . .      Spirit   .   a - +0 robe
rPois   .          Reflect  .   (no helmet)
rElec   .          Harm     .   (no cloak)
rCorr   .          Rampage  .   (no gloves)
Will    .....                   (no boots)
Stlth   ++........              (no amulet)
HPRegen 0.11/turn               (no ring)
MPRegen 0.12/turn               (no ring)

@: very slightly contaminated, slowed, very slow
A: high MP 1, forlorn, divine attributes
a: no special abilities


You were on level 2 of the Dungeon.
You visited 1 branch of the dungeon, and saw 2 of its levels.

You collected 60 gold pieces.

Inventory:

Hand Weapons
 c - a +0 dagger (weapon)
Armour
 a - a +0 robe (worn)
Scrolls
 d - a scroll of enchant weapon {unknown}
 h - a scroll of teleportation
 i - 2 scrolls of identify {unknown}
 j - a scroll of fear {unknown}
Potions
 f - a potion of mutation {unknown}
 g - a potion of might {unknown}


   Skills:
 - Level 1.7 Dodging
 - Level 1.7 Stealth
 + Level 2.7 Spellcasting
 - Level 0.8 Conjurations
 + Level 3.9 Air Magic


You had 5 spell levels left.
You knew the following spells:

 Your Spells              Type           Power      Damage    Failure   Level
a - Shock                 Conj/Air       52%        1d6       4%          1
b - Static Discharge      Conj/Air       13%        3-5/arc   8%          2

Your spell library contained the following spells:

 Spells                   Type           Power      Damage    Failure   Level
 Swiftness                Air            19%        N/A       9%          3
 Airstrike                Air            9%         0-4+      26%         4


Dungeon Overview and Level Annotations

Branches:
Dungeon (2/15)

Shops:
D:1 (


Innate Abilities, Weirdness & Mutations

You have an increased reservoir of magic. (+10% MP)
You shall have no god before yourself.
Your divine heritage dramatically boosts your attributes as you level up.


Message History

You miscast Static Discharge.
You are very lightly contaminated with residual magic.
Nothing appears to happen.
Natasha mumbles some strange words.
Unknown command.
Casting: Static Discharge (safe; 8% risk of failure)
Confirm with . or Enter, or press ? or * to list all spells.
Natasha is struck by an arc of lightning.
Natasha is heavily wounded.
You are struck by an arc of lightning.
The lightning grounds out.
Natasha claws you!
* * * LOW HITPOINT WARNING * * *
Casting: Static Discharge (safe; 8% risk of failure)
Confirm with . or Enter, or press ? or * to list all spells.
Aiming: Shock (safe; 4% risk of failure)
Press: ? - help, Shift-Dir - straight line The zap misses Natasha.
The zap hits the crimson imp.
The crimson imp is lightly wounded.
The zap hits the crimson imp.
The crimson imp is heavily wounded.
Natasha stares at you and mumbles some strange words.
You feel yourself slow down.
Casting: Shock (safe; 4% risk of failure)
Confirm with . or Enter, or press ? or * to list all spells.
Aiming: Shock (safe; 4% risk of failure)
Press: ? - help, Shift-Dir - straight line You miscast Shock.
Nothing appears to happen.
Natasha barely misses you. Natasha claws you!
* * * LOW HITPOINT WARNING * * *
Unknown command.
Magic courses through your body. Natasha closely misses you.
Unknown command.
Casting: Shock (safe; 4% risk of failure)
Confirm with . or Enter, or press ? or * to list all spells.
Natasha is struck by an arc of lightning!
You kill Natasha!
You feel Natasha's spirit has finally been put to rest.
The crimson imp disappears in a puff of smoke!
You are struck by an arc of lightning.
You die...

..... .# ## .... ..
. #... .#.#
.).#.#.# ......#
.....#
#.#######..#.#
#..!...ยง!@.#.#
######.####.# #[#
#.# #.# #.# #.# #.#
#.# #.# #.####.#
#......#####
########..<.......#


There were no monsters in sight!

Vanquished Creatures
  Natasha (thrice) (D:2)
  A gnoll (D:1)
  A ball python (D:1)
  3 endoplasms (D:1)
  3 giant cockroaches (D:1)
  3 goblins (D:1)
  2 hobgoblins (D:1)
  A quokka (D:1)
  A bat (D:1)
  2 frilled lizards (D:1)
  A kobold (D:1)
  2 rats (D:1)
23 creatures vanquished.

Notes
Turn   | Place    | Note
-------+----------+-------------------------------------------
     0 | D:1      | manyhoops the Demigod Air Elementalist began the quest for
                  | the Orb.
     0 | D:1      | Reached XP level 1. HP: 14/14 MP: 5/5
   450 | D:1      | Reached skill level 3 in Air Magic
   575 | D:1      | Found Reetymu's Antique Weapon Shoppe.
   578 | D:1      | Reached XP level 2. HP: 20/20 MP: 4/7
  1750 | D:2      | Noticed Natasha
  1755 | D:2      | Learned a level 2 spell: Static Discharge
  1767 | D:2      | Killed Natasha
  1768 | D:2      | Reached XP level 3. HP: 16/26 MP: 0/9
  1777 | D:2      | Noticed Natasha
  1795 | D:2      | Killed Natasha
  1796 | D:2      | Reached XP level 4. HP: 10/33 MP: 6/10
  1812 | D:2      | Noticed Natasha
  1822 | D:2      | HP: 1/33 [Natasha (7)]
  1824 | D:2      | Killed Natasha
  1824 | D:2      | Killed from afar by themself

Illustrated notes

Levels and vault maps discovered:
D:1:      dpeg_arrival_short_road, layout_loops_ring, serial_shops,
          nicolae_shop_hallway_stairs, minivault_25,
          wander_ebering_terrifying_dragon_lair
D:2:      layout_loops_ring, hellmonk_ecumenical_altar_lost_god, uniq_natasha,
          uniq_robin

Skill      XL: |  1 |
---------------+----+-----
Spellcasting   | 2 |  2.7
Air Magic      | 3 |  3.9
Dodging        | |  1.7
Stealth        | |  1.7
Conjurations   | |  0.8

Action                   |  1- 3 |  4- 6 || total
-------------------------+-------+-------++-------
Melee: Dagger            |    20 |       ||    20
 Cast: Shock             |    60 |     5 ||    65
       Static Discharge  |       |     1 ||     1
  Use: Scroll            |     1 |       ||     1
       Potion            |     1 |     3 ||     4
Armor: Robe              |     6 |     1 ||     7
Dodge: Dodged            |    26 |     4 ||    30

Table legend: (Time is in decaauts)
 A = Elapsed time spent in this place.
 B = Non-inter-level travel time spent in this place.
 C = Inter-level travel time spent in this place.
 D = Time resting spent in this place.
 E = Time spent auto-exploring this place.
 F = Levels seen in this place.
 G = Mean time per level.
                   A        B        C        D        E       F      G
               +--------+--------+--------+--------+--------+-----+--------+
         Total |   1833 |   1755 |     78 |     43 |   1473 |   2 |  916.5 |
       Dungeon |   1833 |   1755 |     78 |     43 |   1473 |   2 |  916.5 |
               +--------+--------+--------+--------+--------+-----+--------+

Top non-repeatable levels by time:
     D:1: 1513 daAuts
     D:2: 319 daAuts
